[Event "Early-Titled-Tuesday-Blitz-March-26-2024"]
[Site "Chess.com"]
[Date "2024.03.26"]
[Round "9"]
[White "ernestina08chess"]
[Black "Kavyev_Ruslan"]
[Result "1-0"]
[WhiteElo "2255"]
[BlackElo "2377"]
[TimeControl "180+1"]
[EndTime "9:43:32 PDT"]
[Termination "ernestina08chess won by checkmate"]

1. e4 c5 2. Nf3 Nc6 3. d4 c4 4. Bxc4 a6 5. O-O g6 6. c3 Bg7 7. Be3 d6 8. Nbd2 Nf6 9. h3 b5 10. Bd3 Bb7 11. a4 b4 12. d5 Ne5 13. Nxe5 dxe5 14.
cxb4 Nd7 15. b5 O-O 16. b4 f5 17. f3 Nf6 18. bxa6 Bxa6 19. b5 Bb7 20. Qb3 Kh8 21. Nc4 e6 22. dxe6 fxe4 23. fxe4 Nxe4 24.
Bxe4 Bxe4 25. Rfd1 Qh4 26. Bc5 Rac8 27. Bxf8 Bxf8 28.
Kh2 Bh6 29. g3 Qg5 30. Nd6 Rc2+ 31. Qxc2 Bxc2 32. Nf7+ Kg7 33. Nxg5 Bxg5 34. Rd7+ Kf8 35. Rf1+ Ke8 36. Rxh7 e4 37. Rh8+ Ke7 38. Rc8 Kxe6 39.
Rxc2 e3 40. b6 e2 41. Rxe2+ Kd5 42. b7 Kc6 43. Rb1 Bf4 44. gxf4 Kd7 45. b8=Q Kc6 46. Rb6+ Kc5 47. Qc7+ Kd4 48. Qd6+ Kc3 49. Qc5+ Kd3 50.
Qc2+ Kd4 51. Rd6# 1-0

[Event "Early-Titled-Tuesday-Blitz-March-26-2024"]
[Site "Chess.com"]
[Date "2024.03.26"]
[Round "9"]
[White "ChempionBg"]
[Black "abelmat"]
[Result "1-0"]
[WhiteElo "2323"]
[BlackElo "2064"]
[TimeControl "180+1"]
[EndTime "9:43:32 PDT"]
[Termination "ChempionBg won on time"]

1. d4 Nf6 2. c4 e6 3. Nf3 d5 4. g3 Be7 5. Bg2 O-O 6. O-O dxc4 7. Ne5 Nc6 8. Bxc6 bxc6 9. Nxc6 Qe8 10. Nxe7+ Qxe7 11.
Qc2 Ba6 12. Bf4 Nd5 13. Bd2 Rab8 14. Na3 Qf6 15. e4 Nb4 16. Qa4 c5 17. dxc5 Qf3 18. Bxb4 Rxb4 19. Qxb4 Qxe4 20. f3 Qe3+ 21. Rf2 h6 22.
Re1 Qd4 23. Nc2 Qd5 24. Qa5 Bb7 25. Nb4 Qd4 26. c6 Ba8 27. Qe5 Qb6 28. Qc3 Rb8 29.
a3 a5 30. Nc2 Qxc6 31. Ne3 Rb3 32. Qxc4 Qb7 33. Qc5 Kh7 34. Qc2+ g6 35. Nc4 Rb5 36. Nd6 1-0

[Event "Early-Titled-Tuesday-Blitz-March-26-2024"]
[Site "Chess.com"]
[Date "2024.03.26"]
[Round "9"]
[White "deribas12345"]
[Black "Brahianzevich"]
[Result "1-0"]
[WhiteElo "2623"]
[BlackElo "2461"]
[TimeControl "180+1"]
[EndTime "9:43:33 PDT"]
[Termination "deribas12345 won on time"]

1. d4 d5 2. c4 e6 3. Nc3 Bb4 4.
a3 Bxc3+ 5. bxc3 Nf6 6. f3 O-O 7. e3 c5 8. Bd3 b6 9. cxd5 exd5 10. Ne2 Re8 11. O-O Ba6 12. Bxa6 Nxa6 13. g4 h6 14. Ra2 Qd7 15. Ng3 Nc7 16. Nf5 Nb5 17. Bd2 Nd6 18. Nxd6 Qxd6 19. Bc1 Rac8 20. Qa4 Re7 21.
Bd2 cxd4 22. cxd4 Rc4 23. Qa6 Qe6 24. Kh1 g5 25. Qb5 Kg7 26. a4 Rec7 27. a5 Nxg4 28.
axb6 axb6 29. e4 Nf6 30. e5 Nh5 31. Bb4 Rc2 32. Rxc2 Rxc2 33. Qd3 Ng3+ 34. Kg1 Rb2 35. Bd2 Nf5 36. Qc3 Ra2 37. f4 Ra4 38. fxg5 hxg5 39.
Bxg5 Rxd4 40. Bf6+ Kh7 41. Qh3+ Kg6 42. Kh1 Re4 43. Rg1+ 1-0

[Event "Early-Titled-Tuesday-Blitz-March-26-2024"]
[Site "Chess.com"]
[Date "2024.03.26"]
[Round "9"]
[White "yonaltimur"]
[Black "Kotlyar_K"]
[Result "1-0"]
[WhiteElo "2419"]
[BlackElo "2567"]
[TimeControl "180+1"]
[EndTime "9:43:33 PDT"]
[Termination "yonaltimur won by checkmate"]

1. e4 e5 2. Nf3 Nc6 3. Bb5 a6 4. Ba4 Nf6 5. O-O Be7 6. Re1 b5 7. Bb3 O-O 8. c3 d5 9. exd5 Nxd5 10. Nxe5 Nxe5 11. Rxe5 c6 12. Bxd5 cxd5 13. d4 Bd6 14. Re3 Qh4 15. h3 Qf4 16. Re5 Qf6 17. Re3 Qg6 18.
Nd2 Bd7 19. Nf1 Rae8 20. Qf3 Be6 21. Bd2 f5 22. Rae1 f4 23. R3e2 Kh8 24. Nh2 h5 25. Bc1 Rf6 26. a4 Ref8 27. axb5 axb5 28. Nf1 Bf5 29.
Qxd5 Bxh3 30. f3 Bd7 31. Nd2 Bb8 32. Ne4 R6f7 33. Nc5 Bc6 34. Qe6 Rf6 35. Qh3 Bd5 36. Nd7 Bc4 37. Nxf8 Rxf8 38. Re7 Bd6 39. Ra7 b4 40. Bd2 b3 41. Ra5 Qc2 42. Rxh5+ Kg8 43. Rh8+ Kf7 44. Qh5+ g6 45. Qh7+ Kf6 46. Bxf4 Rxh8 47.
Qxh8+ Kf5 48. Re5+ Kxf4 49. Qh4# 1-0

[Event "Early-Titled-Tuesday-Blitz-March-26-2024"]
[Site "Chess.com"]
[Date "2024.03.26"]
[Round "9"]
[White "Charodej1"]
[Black "Navyblue1"]
[Result "1-0"]
[WhiteElo "2430"]
[BlackElo "2250"]
[TimeControl "180+1"]
[EndTime "9:43:33 PDT"]
[Termination "Charodej1 won by resignation"]

1. e4 c5 2. Nf3 d6 3. d4 cxd4 4. Nxd4 Nf6 5. Nc3 a6 6. Be2 e5 7. Nb3 Be7 8. O-O O-O 9. Kh1 b5 10. a4 b4 11. Nd5 Nxd5 12. Qxd5 Ra7 13. Be3 Be6 14. Qd2 Rd7 15. Rfd1 d5 16. Bc5 dxe4 17. Qxb4 Bxb3 18. Bxe7 Qxe7 19. Qxb3 Nc6 20. c3 a5 21. Bb5 Rc7 22. Qd5 Kh8 23. Qxe4 Nd8 24. Qd5 h6 25. Re1 Ne6 26. Qxe5 Qd8 27. Rad1 Qb8 28. h3 Rc5 29. Qxb8 Rxb8 30. Kg1 g6 31. Kf1 Kg7 32. g3 Kf6 33. Rd7 Rb6 34. Ra7 Nc7 35.
Rxa5 Nxb5 36. axb5 Rbxb5 37. Rxb5 Rxb5 38. Re2 Rb3 39. Ke1 Kf5 40. Kd1 g5 41. Kc2 Rb6 42. b4 g4 43. hxg4+ Kxg4 44. Kb3 Kf3 45. Rc2 f5 46. c4 f4 47. c5 Rb8 48. c6 fxg3 49. fxg3 h5 50.
c7 Rc8 51. b5 Kxg3 52. b6 h4 53. b7 Rxc7 54. Rxc7 h3 55. Rh7 h2 56. Rxh2 Kxh2 57.
b8=Q+ Kg2 58. Qf4 1-0

[Event "Early-Titled-Tuesday-Blitz-March-26-2024"]
[Site "Chess.com"]
[Date "2024.03.26"]
[Round "9"]
[White "AdvanceGuard4"]
[Black "RebecaJimnz"]
[Result "1-0"]
[WhiteElo "2626"]
[BlackElo "2238"]
[TimeControl "180+1"]
[EndTime "9:43:33 PDT"]
[Termination "AdvanceGuard4 won by resignation"]

1. d4 d5 2. Bf4 Nf6 3. e3 e6 4. Nf3 Bd6 5. Bg3 c5 6. c3 Qc7 7.
Nbd2 Nbd7 8. Bd3 O-O 9. O-O Bxg3 10. hxg3 e5 11. dxe5 Nxe5 12. Be2 b6 13. a4 Bf5 14.
Nxe5 Qxe5 15. Nf3 Qe7 16. a5 h6 17. axb6 axb6 18. Qb3 Qc7 19. Rfd1 Be6 20. Qc2 Ra7 21.
Rdc1 Rfa8 22. Qd1 Ra5 23. Rxa5 Rxa5 24. Ra1 Qa7 25. Rxa5 Qxa5 26. Qc2 Qa1+ 27. Bf1 Ne4 28. c4 Nf6 29. cxd5 Bxd5 30. Nd2 Bb7 31. f3 Qe1 32.
Nc4 Qxg3 33. Qf5 Nd5 34. Qd3 b5 35. Na5 Nb4 36. Qd8+ Kh7 37. Nxb7 c4 38. Qe7 Nc2 39. Qe4+ Qg6 40. Qxg6+ Kxg6 41. Nd6 Nxe3 42. Nxb5 Nd1 43.
Nd6 Nxb2 44. Nxc4 Nd3 45. Bxd3+ 1-0

[Event "Early-Titled-Tuesday-Blitz-March-26-2024"]
[Site "Chess.com"]
[Date "2024.03.26"]
[Round "9"]
[White "Flaccidmoves"]
[Black "Harry_Rakkel"]
[Result "0-1"]
[WhiteElo "2454"]
[BlackElo "2711"]
[TimeControl "180+1"]
[EndTime "9:43:34 PDT"]
[Termination "Harry_Rakkel won on time"]

1. Nf3 Nf6 2. e3 g6 3. c4 Bg7 4. d4 O-O 5. Be2 c5 6. O-O cxd4 7.
Nxd4 Nc6 8. Nc3 b6 9. Nxc6 dxc6 10. Bf3 Bb7 11. Qc2 Nd7 12. b3 Qc7 13. Bb2 Rfd8 14.
Rad1 Ne5 15. Be2 e6 16. f4 Nd7 17. Ne4 c5 18. Bf3 Bxe4 19. Bxe4 Rab8 20. Bxg7 Kxg7 21. Qc3+ Kg8 22. Bf3 Nf8 23. Qf6 Rxd1 24. Rxd1 b5 25. cxb5 Rxb5 26. Rd8 Rb8 27. Rxb8 Qxb8 28. Qc3 Qd6 29. h3 Nd7 30. Kh2 e5 31. Qc4 Nf6 32. fxe5 Qxe5+ 33. Qf4 Qe7 34. Be2 Nd7 35. Bc4 Ne5 36.
Bd5 h5 37. Qe4 Qd6 38. Kg1 Kg7 39. Kh1 a5 40. Bc4 Qf6 41. Kh2 h4 42. Qf4 Qd6 43. Kh1 Qe7 44. Kh2 g5 45. Qf5 f6 46. Bd5 Qd6 47.
Qe4 Ng4+ 48. Kg1 Qh2+ 49. Kf1 Qh1+ 50. Ke2 Ne5 51. Qf5 Qa1 0-1

[Event "Early-Titled-Tuesday-Blitz-March-26-2024"]
[Site "Chess.com"]
[Date "2024.03.26"]
[Round "9"]
[White "Korchmar_Vasiliy"]
[Black "Tolya2"]
[Result "1-0"]
[WhiteElo "2696"]
[BlackElo "2486"]
[TimeControl "180+1"]
[EndTime "9:43:35 PDT"]
[Termination "Korchmar_Vasiliy won by checkmate"]

1. d4 d5 2. e3 Nf6 3. c4 dxc4 4. Bxc4 e6 5. Nh3 c5 6. Nf4 a6 7. g4 b5 8. Qf3 Ra7 9. Bd3 Bb7 10. e4 cxd4 11.
g5 Nfd7 12. Qg3 Bd6 13. Nxe6 Bxg3 14. Nxd8 Bxf2+ 15. Kxf2 Kxd8 16. Bf4 Nc6 17. Rd1 Nce5 18. Be2 Ke7 19. Rxd4 Rc8 20. Nc3 Ba8 21. a4 bxa4 22.
Rdxa4 Rb8 23. Rxa6 Rxa6 24. Rxa6 Bb7 25. Ra7 Ke6 26.
Nb5 Bxe4 27. Nd4+ Kd5 28. Ra5+ Kd6 29. Nb5+ Ke7 30. Nc3 Nd3+ 31. Bxd3 Bxd3 32. Bxb8 Nb6 33. Ra7+ Ke6 34. Bg3 Nc4 35. Ra6+ Kd7 36. Ra7+ Ke6 37. b3 Nd2 38. b4 Nc4 39. b5 h6 40. h4 hxg5 41.
hxg5 f5 42. gxf6 gxf6 43. Ra6+ Kf5 44. b6 Nd2 45. b7 Bxa6 46. b8=Q Bd3 47. Qc8+ Kg6 48.
Ke3 Nf1+ 49. Kxd3 Nxg3 50. Qg4+ Kf7 51. Qxg3 Ke6 52. Ke4 Kf7 53. Kf5 Ke7 54. Qc7+ Ke8 55. Ke6 Kf8 56. Qf7# 1-0

[Event "Early-Titled-Tuesday-Blitz-March-26-2024"]
[Site "Chess.com"]
[Date "2024.03.26"]
[Round "9"]
[White "FormerProdigy"]
[Black "Eagle_2019"]
[Result "1-0"]
[WhiteElo "2985"]
[BlackElo "2858"]
[TimeControl "180+1"]
[EndTime "9:43:37 PDT"]
[Termination "FormerProdigy won by resignation"]

1. d4 d5 2. c4 e6 3. Nc3 Nf6 4. cxd5 exd5 5. Bg5 Be7 6. e3 h6 7. Bf4 O-O 8. Bd3 c5 9. dxc5 Bxc5 10. Nge2 Nc6 11. O-O Re8 12. Rc1 Bb6 13. h3 d4 14.
exd4 Nxd4 15. Nxd4 Qxd4 16. Be3 Rxe3 17. fxe3 Qxe3+ 18. Kh1 Bxh3 19. Rf3 Bg4 20. Rxe3 Bxd1 21. Re7 Bh5 22.
Rxb7 Ng4 23. Be2 Re8 24. Bxg4 Bxg4 25. Nd5 Bf2 26. Rf1 Re2 27. Nc3 Rc2 28. Ne4 Bd4 29. Rbxf7 Rxb2 30. Rf8+ Kh7 31. R8f4 Be2 32. Re1 Ba6 33.
Ng5+ hxg5 34. Rxd4 Rxa2 35. Re7 Bf1 36. Rg4 Kg6 37. Kg1 Bd3 38. Re5 Bf5 39. Rd4 Kf6 40.
Rc5 Be6 41. Rd6 Ke7 42. Rdc6 g4 43. Re5 g3 44. Rexe6+ Kd7 45. Red6+ Ke7 46. Rd1 Ra3 47. Rg6 a5 48. Rxg7+ Kf6 49. Rg8 Kf5 50. Rf8+ Kg4 51. Rf3 Rxf3 52. gxf3+ Kxf3 53. Ra1 g2 54. Rxa5 Kg3 55.
Ra3+ 1-0

[Event "Early-Titled-Tuesday-Blitz-March-26-2024"]
[Site "Chess.com"]
[Date "2024.03.26"]
[Round "9"]
[White "TigrVShlyape"]
[Black "SashaKuzhilniy"]
[Result "1-0"]
[WhiteElo "2905"]
[BlackElo "2630"]
[TimeControl "180+1"]
[EndTime "9:43:38 PDT"]
[Termination "TigrVShlyape won on time"]

1. e4 e5 2. Nf3 Nc6 3. Bb5 a6 4. Ba4 Nf6 5. O-O d6 6. c3 Bd7 7. Re1 g6 8. d4 Bg7 9. Bg5 h6 10. Bh4 O-O 11. dxe5 Nxe5 12. Nxe5 Bxa4 13. Qxa4 dxe5 14.
Qc2 Qe7 15. Nd2 Rad8 16. a4 Qe6 17. Nf1 Rd6 18. Rad1 Rfd8 19. Rxd6 Rxd6 20. Ne3 c6 21. a5 Ng4 22. Nf1 Qc4 23. h3 Nf6 24. Ne3 Qd3 25.
Qxd3 Rxd3 26. Nc4 Nd7 27. Kf1 Nc5 28. Ke2 Rd7 29. f3 Ne6 30. Bf2 Nf4+ 31. Kf1 f6 32. Be3 Ne6 33. Ke2 Kf7 34. g3 h5 35.
f4 Ke7 36. f5 gxf5 37. exf5 Nc7 38. Bc5+ Kd8 39. Nb6 Rf7 40. Rd1+ Ke8 41. Nc4 Bf8 42. Bxf8 Kxf8 43. Rd8+ Kg7 44. Nd6 Re7 45. c4 e4 46.
Ke3 Kh6 47. h4 Kg7 48. Rb8 Kh6 49. Rxb7 Kg7 50. Rb6 Kf8 51. Rxc6 1-0

[Event "Early-Titled-Tuesday-Blitz-March-26-2024"]
[Site "Chess.com"]
[Date "2024.03.26"]
[Round "9"]
[White "Savagelittlemole"]
[Black "Meri-Arabidze"]
[Result "1/2-1/2"]
[WhiteElo "2506"]
[BlackElo "2673"]
[TimeControl "180+1"]
[EndTime "9:43:38 PDT"]
[Termination "Game drawn by repetition"]

1. e4 e5 2. Nf3 Nc6 3. Bc4 Nf6 4. d3 h6 5. a4 d6 6. Nc3 Be7 7. h3 a5 8. Be3 Be6 9. O-O O-O 10. Bxe6 fxe6 11. d4 exd4 12. Nxd4 Nxd4 13. Qxd4 e5 14. Qc4+ Kh8 15. Nd5 Nxd5 16. Qxd5 b6 17.
c3 Bg5 18. Rae1 Bf4 19. Bxf4 Rxf4 20. Re3 Qf8 21. Rg3 Re8 22. Rg6 Kh7 23. Rg3 Re7 24. Rg4 Rxg4 25. hxg4 Qe8 26. b3 Qg6 27. f3 Qg5 28. Qd3 Rf7 29. Rd1 g6 30. Qd2 Qxd2 31. Rxd2 Rf8 32. b4 Ra8 33. Ra2 h5 34. gxh5 gxh5 35.
Kf2 Kg6 36. Ke3 h4 37. Kd3 Kg5 38. Kc4 c6 39. b5 Rc8 40. bxc6 Rxc6+ 41. Kb5 Rxc3 42.
Kxb6 Rc5 43. Rd2 Kh5 44. Re2 Kg5 45. Rf2 Kf4 46. Rd2 Kg5 47. Ka6 Kh5 48. Kb6 Kg5 49. Ka6 Kh5 50. Kb6 Kg5 1/2-1/2

[Event "Early-Titled-Tuesday-Blitz-March-26-2024"]
[Site "Chess.com"]
[Date "2024.03.26"]
[Round "9"]
[White "carloseduar100"]
[Black "Cambek64"]
[Result "0-1"]
[WhiteElo "2205"]
[BlackElo "2482"]
[TimeControl "180+1"]
[EndTime "9:43:38 PDT"]
[Termination "Cambek64 won on time"]

1. e4 c6 2. Nf3 d5 3. Nc3 dxe4 4. Nxe4 Nf6 5. Nxf6+ exf6 6. d4 Bd6 7. Bd3 O-O 8.
O-O Bg4 9. h3 Bh5 10. c3 Nd7 11. Re1 Qc7 12. Bd2 Rfe8 13. g4 Bg6 14. Bxg6 hxg6 15.
Qc2 b5 16. a3 Nb6 17. Kg2 a5 18. Rxe8+ Rxe8 19. Re1 Rd8 20. Bc1 a4 21. Qe4 Nd5 22. g5 f5 23. Qd3 Qb7 24. c4 bxc4 25. Qxc4 Nb6 26. Qc2 Rc8 27. h4 Qa8 28. b3 c5 29.
dxc5 Rxc5 30. Qd3 Rd5 31. Qe3 axb3 32. Qxb3 Qc6 33. Kg1 Rb5 34. Qe3 Kh7 35. Qe8 Qxf3 36. Qxb5 Qg4+ 37. Kf1 Nc4 38. Be3 Ne5 39. Qd5 Nf3 40. Rc1 Bxa3 41. Rc8 Nh2+ 42. Ke1 Bb4+ 43. Bd2 Nf3+ 44. Ke2 Nxd2+ 45. Kd3 Ne4 46. Qxf7 Qd1+ 47.
Kc4 Nd6+ 48. Kxb4 Nxf7 0-1

[Event "Early-Titled-Tuesday-Blitz-March-26-2024"]
[Site "Chess.com"]
[Date "2024.03.26"]
[Round "9"]
[White "Rud_Makarian"]
[Black "Rsnr"]
[Result "1-0"]
[WhiteElo "3097"]
[BlackElo "2931"]
[TimeControl "180+1"]
[EndTime "9:43:39 PDT"]
[Termination "Rud_Makarian won by resignation"]

1. Nf3 d5 2. c4 e6 3. d4 Nf6 4. g3 Bb4+ 5. Bd2 Be7 6. Bg2 O-O 7. Qc2 Nbd7 8. O-O c6 9. Bf4 b6 10. Nbd2 Nh5 11. e3 Bb7 12. cxd5 Nxf4 13. exf4 cxd5 14. Rfc1 Bd6 15. Bf1 Nf6 16. Bd3 g6 17. Qd1 Qe7 18. Qe2 Rfc8 19. Ne5 Rxc1+ 20. Rxc1 Rc8 21. Rd1 Kg7 22.
h4 Rc7 23. a3 h5 24. Ndf3 Ne4 25.
Nd2 f5 26. Nef3 Bc8 27. Qe1 Bd7 28. Rc1 Qd8 29. Ne5 Be8 30. Ndf3 Rxc1 31. Qxc1 Qc7 32. Qe1 a5 33. Ng5 Kf6 34. Bxe4 dxe4 35. Qd2 Bc6 36.
Nh7+ Kg7 37. Ng5 Kf6 38. Nxc6 Qxc6 39. Qe2 b5 40. Qd2 Bc7 41. d5 Qxd5 42. Qc3+ Be5 43. fxe5+ Ke7 44. Qc7+ Ke8 45. Qf7+ 1-0

[Event "Early-Titled-Tuesday-Blitz-March-26-2024"]
[Site "Chess.com"]
[Date "2024.03.26"]
[Round "9"]
[White "artin10862"]
[Black "Sina_Movahed"]
[Result "0-1"]
[WhiteElo "2894"]
[BlackElo "3075"]
[TimeControl "180+1"]
[EndTime "9:43:40 PDT"]
[Termination "Sina_Movahed won on time"]

1. d4 Nf6 2. Bf4 d5 3. Nf3 c5 4. e3 Nc6 5. Nbd2 Bf5 6. dxc5 e6 7. Nd4 Bg6 8. Bb5 Rc8 9. b4 Be7 10.
Nxc6 bxc6 11. Ba6 O-O 12. Bxc8 Qxc8 13. O-O Re8 14. Nf3 Bh5 15. Qd3 Bxf3 16. gxf3 Bf8 17.
Rab1 e5 18. Bg3 Qh3 19. Rfd1 h5 20. Qf1 Qf5 21. f4 exf4 22. Bxf4 Ne4 23. Rb3 Qg4+ 24. Bg3 Ng5 25. h4 Nf3+ 26. Kh1 Re4 27. a3 Nxh4 28. Rbd3 Nf3 29. Qg2 Qf5 30. Bf4 Nh4 31. Qg3 Ng6 32. Rd4 Rxd4 33. Rxd4 Qxc2 34. Bd6 h4 35. Qf3 Bxd6 36.
cxd6 Ne5 37. Qf4 f6 38. e4 h3 39. Kh2 Qc3 40. Rd1 Nf3+ 41. Kh1 Ne5 42. exd5 Qb3 43.
Qd4 Qf3+ 0-1

[Event "Early-Titled-Tuesday-Blitz-March-26-2024"]
[Site "Chess.com"]
[Date "2024.03.26"]
[Round "9"]
[White "quizden37"]
[Black "frederiksvane"]
[Result "0-1"]
[WhiteElo "2861"]
[BlackElo "2991"]
[TimeControl "180+1"]
[EndTime "9:43:40 PDT"]
[Termination "frederiksvane won by resignation"]

1. e4 e5 2. Nf3 Nc6 3. Bb5 a6 4. Ba4 Nge7 5. O-O Ng6 6. c3 Bc5 7. d4 Ba7 8. h3 O-O 9. Bxc6 dxc6 10. Nxe5 Nxe5 11. dxe5 Qh4 12. Qf3 f5 13. Be3 fxe4 14.
Qe2 Bxh3 15. Bxa7 Rf3 16. g3 Qg4 17. Re1 Rxg3+ 18. fxg3 Qxg3+ 19. Kh1 Bg4 20. Rg1 Bf3+ 21. Rg2 Qh3+ 22. Kg1 Bxe2 23. Rxe2 Rxa7 24. Nd2 e3 25. Nf1 Qg4+ 26. Rg2 Qf4 27. Re1 Ra8 28. Rxe3 Re8 29. Rge2 Re6 30. Ng3 Rg6 31. Kg2 h5 32. Rf3 Qg4 33.
e6 Rxe6 34. Rxe6 Qxe6 35. Nxh5 Qe2+ 36. Kg3 Qxb2 37. Re3 Qxa2 38. Re8+ Kf7 39. Rc8 Qd5 40. Rxc7+ Kf8 41. Nf4 Qd6 42. Rxb7 g5 43. Rb4 gxf4+ 44. Rxf4+ Ke7 45. Kf3 Qd5+ 46. Re4+ Kd6 47. Ke3 Kc5 48. Rd4 Qxd4+ 0-1

[Event "Early-Titled-Tuesday-Blitz-March-26-2024"]
[Site "Chess.com"]
[Date "2024.03.26"]
[Round "9"]
[White "Josetricks"]
[Black "Zohid6"]
[Result "0-1"]
[WhiteElo "2719"]
[BlackElo "2912"]
[TimeControl "180+1"]
[EndTime "9:43:40 PDT"]
[Termination "Zohid6 won on time"]

1. Nc3 Nf6 2. d4 d5 3. Bf4 Bf5 4. Nf3 e6 5. Ne5 Nbd7 6. e3 h5 7. Nxd7 Qxd7 8. Bd3 Bd6 9. Bxf5 exf5 10. Qf3 Bxf4 11.
Qxf4 O-O-O 12. O-O-O g6 13. h3 h4 14. Rd3 a6 15. b3 Qe7 16. Kb2 Kb8 17. a4 Rd6 18.
Nb1 Ne4 19. Nd2 Rb6 20. Nxe4 fxe4 21. Rc3 Rh5 22. g4 hxg3 23. Qxg3 Rf6 24. h4 Rf3 25. Qh2 Qd6 26. Qg2 a5 27. Rh2 b6 28. Rh3 Rhf5 29. Rxf3 Rxf3 30. Qg1 Kb7 31. Qg2 Qf6 32. Qh2 Qd6 33.
Qg2 Qf6 34. Qh2 c5 35. dxc5 bxc5 36. h5 Rxf2 37. Qh3 Qe6 38. Qxe6 fxe6 39. hxg6 Kb6 40. b4 axb4 41. Rb3 Ka5 42. Kc1 Rf1+ 43. Kd2 Rg1 44. c3 Rxg6 45. cxb4+ cxb4 0-1

[Event "Early-Titled-Tuesday-Blitz-March-26-2024"]
[Site "Chess.com"]
[Date "2024.03.26"]
[Round "9"]
[White "EternalNight8"]
[Black "MatyChess1"]
[Result "0-1"]
[WhiteElo "2477"]
[BlackElo "2646"]
[TimeControl "180+1"]
[EndTime "9:43:40 PDT"]
[Termination "MatyChess1 won by resignation"]

1. d4 Nf6 2. Bg5 g6 3. Bxf6 exf6 4. e3 d5 5. c4 dxc4 6. Bxc4 Bd6 7. Nc3 O-O 8. Nf3 c6 9. O-O f5 10. a3 a5 11. Ba2 Nd7 12. Rc1 Nf6 13. Qc2 Qe7 14. Na4 Ne4 15. Nb6 Rb8 16. Nxc8 Rfxc8 17. h4 Kg7 18. Rfd1 Re8 19. Qc4 Qf6 20. Re1 Re7 21. b4 axb4 22. axb4 h6 23. b5 cxb5 24. Qxb5 g5 25. h5 g4 26. Ne5 Bxe5 27. dxe5 Rxe5 28.
Qd7 Re7 29. Qd5 Rbe8 30. Re2 Nc3 31. Rxc3 Qxc3 32. Rd2 Qa1+ 33. Kh2 Qe5+ 34. Qxe5+ Rxe5 35. Rd7 R8e7 36. Rd8 b5 37. Rb8 Kf6 38. Kg3 Kg5 39.
Rg8+ Kxh5 40. Kf4 b4 41. Bxf7+ Rxf7 42. Kxe5 Rb7 43. Rd8 b3 44. Rd1 b2 45. Rb1 Kg5 46.
Kd4 h5 47. Kc3 h4 48. Rxb2 Rxb2 49. Kxb2 h3 50. gxh3 gxh3 0-1

[Event "Early-Titled-Tuesday-Blitz-March-26-2024"]
[Site "Chess.com"]
[Date "2024.03.26"]
[Round "9"]
[White "RandomNoob04"]
[Black "shimastream"]
[Result "0-1"]
[WhiteElo "2674"]
[BlackElo "3019"]
[TimeControl "180+1"]
[EndTime "9:43:41 PDT"]
[Termination "shimastream won by resignation"]

1. e4 c5 2. d4 cxd4 3. c3 Nf6 4. e5 Nd5 5. Nf3 e6 6. cxd4 b6 7. Nc3 Nxc3 8. bxc3 Qc7 9. Bb5 Bb7 10. O-O Be7 11.
Bf4 O-O 12. Rc1 d6 13. Re1 Nd7 14. Qd3 dxe5 15. Nxe5 Nxe5 16. Bxe5 Bd6 17. Qg3 Bxe5 18. Rxe5 Rfd8 19. Bd3 Rac8 20. Qh4 g6 21. h3 Bd5 22. Qh6 Bxa2 23. Rh5 f5 24. Rg5 Rxd4 25. cxd4 Qxc1+ 26. Kh2 Qf4+ 27. Kg1 Rc1+ 28. Bf1 Rxf1+ 29.
Kxf1 Qc1+ 30. Ke2 Bc4+ 31. Kf3 Qa3+ 32. Kf4 Qd6+ 33. Ke3 Qa3+ 34. Kf4 Qd6+ 35. Ke3 f4+ 36. Kf3 Qxd4 37. Qh4 Bd5+ 38. Kg4 f3+ 39. Kg3 Qxh4+ 40.
Kxh4 fxg2 41. Rg3 a5 42. Kg4 a4 43. f3 a3 44. Rxg2 a2 45. Rg1 b5 46. Kf4 b4 47.
Ke3 b3 48. Kd2 b2 0-1

[Event "Early-Titled-Tuesday-Blitz-March-26-2024"]
[Site "Chess.com"]
[Date "2024.03.26"]
[Round "9"]
[White "Shahdad2007"]
[Black "js20000"]
[Result "0-1"]
[WhiteElo "2628"]
[BlackElo "2815"]
[TimeControl "180+1"]
[EndTime "9:43:41 PDT"]
[Termination "js20000 won by checkmate"]

1. Nf3 d5 2. c4 c6 3. d4 Nf6 4. Nc3 a6 5. a4 dxc4 6. Ne5 c5 7.
d5 e6 8. e4 exd5 9. exd5 Bd6 10.
Nxc4 O-O 11. Be2 b6 12. O-O Bb7 13. Bf3 Qc7 14. g3 Nbd7 15. Re1 Rfe8 16. Nxd6 Qxd6 17.
Bf4 Ne5 18. Bxe5 Rxe5 19. Rxe5 Qxe5 20. Qb3 Qd6 21. Re1 Rd8 22. h4 h5 23. Re3 g6 24.
Qd1 Kg7 25. Rd3 c4 26. Rd4 Qc5 27. Be2 b5 28. axb5 axb5 29. Bf3 b4 30. Ne4 Nxe4 31.
Bxe4 c3 32. bxc3 bxc3 33. Kh2 f5 34. Bc2 Rxd5 35. Rxd5 Qxd5 36. Qg1 Qd2 37. Bb3 c2 38. Qa1+ Kh7 39. Qa7 c1=Q 40. Qxb7+ Kh6 41. Qb6 Qcb2 42. Kg2 Qbd4 43. Qxd4 Qxd4 44. Be6 Qe4+ 45. Kh3 Qxe6 46. Kh2 f4 47. Kg2 Qg4 48. Kh2 f3 49. Kg1 Qh3 50.
g4 Qg2# 0-1

[Event "Early-Titled-Tuesday-Blitz-March-26-2024"]
[Site "Chess.com"]
[Date "2024.03.26"]
[Round "9"]
[White "HanSchut"]
[Black "tusplingher"]
[Result "0-1"]
[WhiteElo "2284"]
[BlackElo "2504"]
[TimeControl "180+1"]
[EndTime "9:43:41 PDT"]
[Termination "tusplingher won by checkmate"]

1. e4 c5 2. Nf3 d6 3. d4 Nf6 4.
dxc5 Nxe4 5. cxd6 Nc6 6. Bb5 Nxd6 7. Bxc6+ bxc6 8. O-O g6 9. Bf4 Bg7 10. Bxd6 exd6 11. Re1+ Be6 12. Nd4 O-O 13. Nc3 Bd7 14.
Nb3 Qc7 15. Qd2 Rfe8 16. Rxe8+ Rxe8 17. Rd1 Bf5 18. h3 d5 19. Nc5 Qa5 20. Nb3 Qb6 21. Na4 Qc7 22. c3 Bc8 23. Nac5 a5 24. a4 Qb6 25. Re1 Rxe1+ 26. Qxe1 Bf8 27. Qe8 Bf5 28.
g4 Kg7 29. gxf5 Bxc5 30. f6+ Kxf6 31. Qh8+ Ke7 32. Qe5+ Kd7 33. Nxc5+ Qxc5 34. Qf6 Qe7 35. Qd4 Qe1+ 36. Kh2 Kd6 37. b4 axb4 38. cxb4 Qb1 39.
a5 Qf1 40. Qc5+ Kd7 41. Qa7+ Ke6 42. Qc5 Qa6 43. Kg3 h5 44. Kf4 f6 45. Qe3+ Kd7 46.
Qc5 Qd3 47. Qa7+ Ke8 48. Qc5 g5# 0-1

[Event "Early-Titled-Tuesday-Blitz-March-26-2024"]
[Site "Chess.com"]
[Date "2024.03.26"]
[Round "9"]
[White "daika91"]
[Black "esrosenberg"]
[Result "1-0"]
[WhiteElo "2700"]
[BlackElo "2490"]
[TimeControl "180+1"]
[EndTime "9:43:42 PDT"]
[Termination "daika91 won by checkmate"]

1. e4 e5 2. Nf3 Nc6 3. Bb5 Nf6 4. O-O Nxe4 5. d4 Nd6 6. dxe5 Nxb5 7. a4 Nbd4 8. Nxd4 Nxd4 9. Qxd4 d5 10. exd6 Qxd6 11.
Qe4+ Qe6 12. Qd4 Qd6 13. Qe3+ Be7 14. Nc3 O-O 15. Rd1 Qe6 16. Nd5 Bd6 17. h3 Qg6 18. c4 Be6 19. Qf3 Qc2 20. Bf4 Qxc4 21. Bxd6 Bxd5 22. Qxd5 Qxd5 23. Rxd5 cxd6 24. Rxd6 Rfd8 25.
Rad1 Rxd6 26. Rxd6 Kf8 27. Rd7 Rb8 28. g4 g5 29. Kg2 h6 30. Kf3 Kg7 31. Ke4 Kg6 32.
Kd5 a6 33. b4 f6 34. Kc5 Rc8+ 35. Kb6 Rc4 36. Ka5 b6+ 37. Kxb6 Rxb4+ 38. Ka5 Rf4 39.
Rd3 Rxf2 40. Kxa6 Ra2 41. a5 h5 42. Rd4 h4 43. Rd3 Rg2 44. Kb5 Rg3 45. Kc4 f5 46. a6 Rg1 47. Rd6+ Kf7 48. gxf5 g4 49. hxg4 h3 50. Rh6 Rxg4+ 51. Kd5 Ra4 52. a7 h2 53.
Rxh2 Kf6 54. Rh7 Kxf5 55. Kc6 Ke6 56. Kb7 Rb4+ 57. Kc8 Rc4+ 58. Kb8 Rb4+ 59. Rb7 Rd4 60. a8=Q Rd8+ 61. Ka7 Rd6 62. Qe8+ Kd5 63. Rd7 Kc6 64. Rxd6+ Kc7 65. Qe7+ Kc8 66. Rd8# 1-0

[Event "Early-Titled-Tuesday-Blitz-March-26-2024"]
[Site "Chess.com"]
[Date "2024.03.26"]
[Round "9"]
[White "HansOnTwitch"]
[Black "Firouzja2003"]
[Result "1/2-1/2"]
[WhiteElo "3125"]
[BlackElo "3099"]
[TimeControl "180+1"]
[EndTime "9:43:43 PDT"]
[Termination "Game drawn by repetition"]

1. e4 c6 2. Nf3 d5 3. d3 dxe4 4.
dxe4 Qxd1+ 5. Kxd1 Nf6 6. Nfd2 g5 7. a4 h5 8. Nc3 h4 9. h3 g4 10. hxg4 Bxg4+ 11. Ke1 Bg7 12. Bc4 h3 13. gxh3 Rxh3 14. Rxh3 Bxh3 15. Nf3 Bg4 16. Ne5 Bh5 17. Bf4 Nbd7 18.
Nd3 Ng4 19. a5 Nge5 20. Nxe5 Nxe5 21. Be2 Bxe2 22. Kxe2 Nc4 23. Rg1 Kf8 24. Na4 Nxa5 25. Nc5 b6 26. Nd7+ Ke8 27. Nb8 Kf8 28. Nd7+ Ke8 29.
Nxb6 axb6 30. Rxg7 Ra7 31. b3 c5 32. Rg8+ Kd7 33. Rb8 Rb7 34. Rxb7+ Nxb7 35. Bd2 b5 36. Kd3 Kc6 37. f3 Nd6 38. Bf4 c4+ 39. bxc4 Nxc4 40. Kd4 f6 41. Bc1 Ne5 42. f4 Nf3+ 43. Ke3 Nh2 44.
f5 Ng4+ 45. Kd4 Ne5 46. Bf4 Nc4 47. Bh6 Na3 48. Kd3 Nc4 49. Bf4 Na3 50. Bg3 Nc4 51. Bf4 Na3 52. Bg3 Nc4 53. Bf4 1/2-1/2